 Dungeon Crawl Stone Soup version 0.29.1-15-g9cfb28693d (webtiles) character file.

Game seed: 10774152431725586544

88 javelincjr the Magician (level 4, -4/32 HPs)
             Began as a Djinni Conjurer on Mar 16, 2023.
             Was a Follower of Okawaru.
             Slain by Terence
             ... wielding a +0 mace
              (5 damage)
             ... on level 2 of the Dungeon.
             The game lasted 00:07:08 (2167 turns).

javelincjr the Magician (Djinni Conjurer)           Turns: 2167, Time: 00:07:09

Health: -4/32      AC:  3    Str:  8    XL:     4   Next: 82%
Gold:   21         EV: 13    Int: 19    God:    Okawaru [*.....] SH:  4 Dex: 18

rFire   + + .      SeeInvis .   b - +0 dagger
rCold   x . .      Faith    .   o - +0 buckler
rNeg    . . .      Spirit   .   a - +0 robe
rPois   ∞          Reflect  .   q - +1 hat
rElec   .          Harm     .   (no cloak)
rCorr   +          Rampage  .   (no gloves)
Will    .....                   (boots unavailable)
Stlth   ++........              (no amulet)
HPRegen 0.10/turn               e - +6 ring of dexterity
MPRegen 0.00/turn               j - ring of resist corrosion

@: flying
A: sickness immunity, fire resistance 2, cold vulnerability 1, float, innate
caster, HP casting, extra vitality 1
a: Renounce Religion, Heroism


You were on level 2 of the Dungeon.
You worshipped Okawaru.
Okawaru was aware of your devotion.
You visited 1 branch of the dungeon, and saw 2 of its levels.

You collected 21 gold pieces.

Inventory:

Hand Weapons
 b - a +0 dagger (weapon)
Armour
 a - a +0 robe (worn)
 o - a +0 buckler (worn)
 q - a +1 hat (worn)
Jewellery
 e - a +6 ring of dexterity (left hand)
 j - a ring of resist corrosion (right hand)
Scrolls
 c - 3 scrolls of magic mapping {unknown}
 d - a scroll of immolation {unknown}
 f - a scroll of identify {unknown}
 i - 2 scrolls of amnesia {unknown}
 k - a scroll of vulnerability {unknown}
 p - 2 scrolls of butterflies {unknown}
 s - a scroll of noise {unknown}
Potions
 g - a potion of flight {unknown}
 h - a potion of heal wounds {unknown}
 l - a potion of lignification {unknown}
 m - a potion of curing {unknown}
 n - a potion of degeneration {unknown}
 r - a potion of brilliance {unknown}


   Skills:
 * Level 1.4 Fighting
 + Level 3.0 Dodging
 + Level 2.4 Stealth
 + Level 3.6 Spellcasting
 + Level 0.8 Invocations


You couldn't memorise any spells.
You knew the following spells:

 Your Spells              Type           Power      Damage    Failure   Level
a - Magic Dart            Conj           68%        1d6       4%          1
b - Searing Ray           Conj           34%        2d5       7%          2
c - Dazzling Flash        Conj/Hex       34%        N/A       13%         3
d - Fulminant Prism       Conj/Hex       8%         3d7       41%         4
e - Iskenderun's Mystic   Conj/Tloc      17%        2d5       41%         4
f - Sandblast             Erth           34%        2d9       4%          1
Your spell library was empty.

Dungeon Overview and Level Annotations

Branches:
Dungeon (2/15)

Altars:
Okawaru

Annotations:
D:2 Terence


Innate Abilities, Weirdness & Mutations

You are immune to sickness and miasma.
You are immune to poison.
Your flesh is very heat resistant. (rF++)
You are vulnerable to cold. (rC-)
You float through the air rather than walking.
You learn spells naturally, not from books.
Your magical power is your life essence.
You have superior vitality. (+4 MHP)


Message History

Terence hits you with a +0 mace.
Casting: Magic Dart (safe; 4% risk of failure)
Confirm with . or Enter, or press ? or * to list all spells.
Aiming: Searing Ray (safe; 6% risk of failure)
Press: ? - help, Shift-Dir - straight line, f/p - Terence
Aim: Terence, wielding a +0 mace and wearing a +0 scale mail (lightly wounded, unusually resistant, 81% to hit)
The searing ray hits Terence but does no damage.
Terence is lightly wounded. (Press . to maintain the ray.) Terence hits you with a +0 mace!
* * * LOW HITPOINT WARNING * * *
The searing ray hits Terence.
Terence is moderately wounded.
* * * LOW HITPOINT WARNING * * *
You block Terence's attack.
The searing ray hits Terence.
Terence is heavily wounded.
* * * LOW HITPOINT WARNING * * *
You feel like a meek peon again. You block Terence's attack.
The searing ray hits Terence.
Terence is severely wounded.
* * * LOW HITPOINT WARNING * * *
You finish channelling your searing ray.
Terence closely misses you.
Casting: Searing Ray (safe; 7% risk of failure)
Confirm with . or Enter, or press ? or * to list all spells.
Aiming: Searing Ray (safe; 7% risk of failure)
Press: ? - help, Shift-Dir - straight line, f/p - Terence
Aim: Terence, wielding a +0 mace and wearing a +0 scale mail (severely wounded, unusually resistant, 81% to hit)
The searing ray hits Terence but does no damage.
Terence is severely wounded. (Press . to maintain the ray.)
* * * LOW HITPOINT WARNING * * *
Terence hits you with a +0 mace.
* * * LOW HITPOINT WARNING * * *
The searing ray misses Terence.
* * * LOW HITPOINT WARNING * * *
Terence hits you with a +0 mace.
You die...

...........
........... ###
#......... #.. ..
#....... # #.# #.#
##.)...# #.#.# #..
##...## ###.#.###.#
##'## #....@....# #.#
#@# #.# #.# #.###.###
##.## #.......#
##...##
#####.#.####.....#
#.........#...##
#.#####.#.#.###.##.#..
#.........#..........#
#######.#######.######
#.........#


You could see Terence (resistant).

Vanquished Creatures
  Jessica (D:2)
  2 adders (D:2)
  2 bats
  5 endoplasms (D:1)
  3 giant cockroaches (D:1)
  5 hobgoblins
  4 jackals
  A quokka (D:2)
  2 ball pythons (D:1)
  3 frilled lizards
  6 goblins
  2 kobolds
  4 rats
40 creatures vanquished.

Vanquished Creatures (others)
  5 fungi (D:1)
  5 plants (D:1)
10 creatures vanquished.

Grand Total: 50 creatures vanquished

Notes
Turn   | Place    | Note
-------+----------+-------------------------------------------
     0 | D:1      | javelincjr the Djinni Conjurer began the quest for the Orb.
     0 | D:1      | javelincjr set off with the following spells memorised:
                  | Magic Dart, Searing Ray, Dazzling Flash, Fulminant Prism,
                  | Iskenderun's Mystic Blast.
     0 | D:1      | Reached XP level 1. HP: 15/15 MP: 0/0
   348 | D:1      | Reached XP level 2. HP: 15/21 MP: 0/0
   782 | D:1      | Reached XP level 3. HP: 24/25 MP: 0/0
   782 | D:1      | Learned a level 1 spell: Sandblast
   920 | D:1      | Found a faded altar of an unknown god.
  1205 | D:1      | Prayed at the altar of an unknown god.
  1205 | D:1      | Became a worshipper of Warmaster Okawaru
  1205 | D:1      | Reached * piety under Okawaru
  1374 | D:2      | Noticed Jessica
  1379 | D:2      | Killed Jessica
  1380 | D:2      | Reached XP level 4. HP: 27/31 MP: 0/0
  1533 | D:2      | Reached skill level 1 in Fighting
  2149 | D:2      | Noticed Terence
  2167 | D:2      | Slain by Terence

Illustrated notes

Levels and vault maps discovered:
D:1:      beargit_arrival_greenhouse, layout_basic,
          shapermc_ecumenical_altar_mp_urbaneastern
D:2:      minmay_door_path, layout_loops_corners, uniq_jessica, uniq_terence

Skill      XL: |  1  2  3  4 |
---------------+-------------+-----
Stealth        | 2 |  2.4
Dodging        | 3 |  3.0
Fighting       | 1 |  1.4
Spellcasting   | |  3.6
Invocations    | |  0.8

Action                   |  1- 3 |  4- 6 || total
-------------------------+-------+-------++-------
Melee: Dagger            |    55 |     7 ||    62
 Cast: Magic Dart        |    60 |    36 ||    96
       Sandblast         |     1 |       ||     1
       Searing Ray       |       |     2 ||     2
Invok: Heroism           |       |     1 ||     1
Armor: Robe              |     1 |       ||     1
Dodge: Dodged            |     3 |    12 ||    15
Block: Buckler           |       |     3 ||     3
